 Dungeon Crawl Stone Soup version 0.31-a0-426-g3a05650e59 (webtiles) character file.

Game seed: 11450835063883274706

323 LeprechaunX the Ruffian (level 6, 0/41 HPs)
             Began as an Octopode Shapeshifter on July 31, 2023.
             Killed from afar by Dowan (12 damage)
             ... with a shard of ice
             ... on level 4 of the Dungeon.
             The game lasted 00:02:58 (2237 turns).

LeprechaunX the Ruffian (Octopode Shapeshifter)     Turns: 2237, Time: 00:02:58

Health: 0/41       AC:  1    Str: 17    XL:     6   Next: 47%
Magic:  7/7        EV: 13    Int: 10    God:
Gold:   116        SH:  0    Dex: 12    Spells: 5/7 levels left

rFire   . .          .
                       - Unarmed
rCold   . . .        (no shield)
rNeg    . . .        (helmet currently unavailable)
rPois   .            (no amulet)
rElec   .            (no ring)
rCorr   .            (no ring)
SInv    .            (no ring)
Will    .....        (no ring)
Stlth   ++           (no ring)
HPRegen 0.26/turn    (no ring)
MPRegen 0.10/turn    (no ring)
                     (no ring)

%: no passive effects
@: beast-form
A: beast (slay +2), almost no armour, amphibious, 8 rings, camouflage 1,
gelatinous body 1, (nimble swimmer 1), tentacles
a: Begin Untransformation


You were on level 4 of the Dungeon.
You were a hulking beast.
You visited 1 branch of the dungeon, and saw 4 of its levels.

You collected 116 gold pieces.

Inventory:

Missiles
 o - 4 boomerangs (quivered)
Talismans
 b - a beast talisman (active)
Wands
 n - a wand of iceblast (10)
Scrolls
 c - 2 scrolls of teleportation {unknown}
 f - a scroll of vulnerability {unknown}
 g - 2 scrolls of identify {unknown}
 h - 2 scrolls of poison {unknown}
 j - a scroll of fear {unknown}
 m - a scroll of blinking {unknown}
Potions
 a - a potion of lignification
 d - a potion of enlightenment {unknown}
 e - a potion of brilliance {unknown}
 i - a potion of curing {unknown}
 k - 2 potions of attraction {unknown}
 l - a potion of mutation {unknown}


   Skills:
 + Level 2.8 Fighting
 - Level 3.0 Dodging
 * Level 4.9 Unarmed Combat
 + Level 1.2 Spellcasting
 + Level 3.8 Shapeshifting


You had 5 spell levels left.
You knew the following spells:

 Your Spells              Type           Power      Damage    Failure   Level
a - Wereblood             Tmut           0%         N/A       45%         2

Your spell library contained the following spells:

 Spells                   Type           Power      Damage    Failure   Level
 Frozen Ramparts          Ice            0%         1d1       71%         3
 Petrify                  Tmut/Erth      0%         N/A       98%         4
 Irradiate                Conj/Tmut      0%         3d11      100%        5
 Metabolic Englaciation   Hex/Ice        0%         N/A       100%        5


Dungeon Overview and Level Annotations

Branches:
Dungeon (4/15)
 Temple: D:4-7

Altars:
Xom

Annotations:
D:3 1 runed translucent door, Crazy Yiuf
D:4 Dowan


Innate Abilities, Weirdness & Mutations

You are a hulking beast.
Your limbs bulge with bestial killing power. (Slay +2)
You cannot wear most types of armour.
You are amphibious.
You can wear up to eight rings at the same time.
Your skin changes colour to match your surroundings (Stealth+).
Your rubbery body absorbs attacks. (AC +1, EV +1)
((You are camouflaged when in or above water. (Stealth+)))
You have tentacles for arms and can constrict up to eight enemies at once.


Message History

Dowan hits you with a +0 dagger.
You tentacle-slap Dowan but do no damage.
Your grab misses Dowan.
Dowan is lightly wounded.
Dowan hits you with a +0 dagger. Dowan closely misses you.
You tentacle-slap Dowan but do no damage.
You grab Dowan. You tentacle-slap Dowan.
Dowan is moderately wounded.
You constrict Dowan.
Dowan says, "Her death will not be in vain!"
Dowan hits you with a +0 dagger.
You tentacle-slap Dowan.
Dowan is severely wounded.
You constrict Dowan.
Dowan gestures wildly while chanting.
Dowan struggles to blink free from constriction.
Dowan barely misses you.
You tentacle-slap Dowan but do no damage.
You tentacle-slap Dowan.
Dowan is severely wounded.
You constrict Dowan.
Dowan gestures wildly while chanting.
Dowan blinks free!
You start resting.
Dowan is nearby!
Unknown command.
Throw: 4 boomerangs
Press: ? - help, Q - select action, (/) - cycle Shift-Dir - straight line, f - Dowan
Aim: Dowan, wielding a +0 dagger and wearing a +2 robe of willpower (severely wounded, fast, 48% to hit)
You throw a boomerang. The boomerang barely misses Dowan.
You tentacle-slap Dowan but do no damage.
Your grab misses Dowan.
Dowan is severely wounded.
Dowan hits you with a +0 dagger.
* * * LOW HITPOINT WARNING * * *
You closely miss Dowan. Your grab misses Dowan. Your squeeze misses Dowan.
Dowan is severely wounded.
Dowan points at you and mumbles some strange words.
The shard of ice hits you!
You die...

.......##.# #.# #.
.......##..##.## #.
.......# #.....# ####.
........# ####..## #....
#...### #.#.# ####
#.#...### #.#<# .....
#.###...###.#.#
.......#####.# ###..##...#
.......'eh...######..#...#
.......###...............#
....... #......†........#
....... #...............#
....... #.............#..
.......###...........#>###
.......†....##########.#
######......# #.# #......#
###


You could see Dowan (fast).

Vanquished Creatures
  Duvessa (D:4)
  A hound (D:4)
  A jelly (D:3)
  A sleepcap (D:4)
  5 adders
  An ufetubus (D:2)
  3 worms
  2 dart slugs (D:1)
  2 orcs (D:4)
  8 ball pythons
  2 bats
  7 endoplasms
  3 giant cockroaches
  7 goblins
  6 hobgoblins
  4 jackals (D:2)
  6 kobolds
  3 quokkas
  5 frilled lizards
  4 rats
72 creatures vanquished.

Notes
Turn   | Place    | Note
-------+----------+-------------------------------------------
     0 | D:1      | LeprechaunX the Octopode Shapeshifter began the quest for
                  | the Orb.
     0 | D:1      | Reached XP level 1. HP: 13/13 MP: 1/1
    50 | D:1      | Reached XP level 2. HP: 12/18 MP: 2/2
   370 | D:1      | Reached XP level 3. HP: 23/23 MP: 3/3
   925 | D:2      | Reached XP level 4. HP: 21/29 MP: 4/4
  1463 | D:3      | Reached skill level 4 in Unarmed Combat
  1599 | D:3      | Found a runed translucent door.
  1600 | D:3      | Noticed Crazy Yiuf
  1671 | D:3      | Reached XP level 5. HP: 7/34 MP: 5/5
  1783 | D:3      | Learned a level 2 spell: Wereblood
  1942 | D:4      | Found a shimmering altar of Xom.
  2187 | D:4      | Noticed Duvessa
  2194 | D:4      | Reached XP level 6. HP: 41/41 MP: 7/7
  2216 | D:4      | Noticed Dowan
  2226 | D:4      | Killed Duvessa
  2227 | D:4      | Reached skill level 1 in Spellcasting
  2237 | D:4      | Killed from afar by Dowan

Illustrated notes

Levels and vault maps discovered:
D:1:      sevenhm_arrival_forest_fort_small_4, layout_basic,
          nicolae_concentric_dashed_squares_mild
D:2:      layout_rooms
D:3:      layout_basic, uniq_crazy_yiuf_cottage
D:4:      layout_basic, lemuel_round_altar, uniq_duvessa

Skill      XL: |  1  2  3  4  5  6 |
---------------+-------------------+-----
Fighting       | 2 |  2.8
Unarmed Combat | 4 |  4.9
Dodging        | 3 |  3.0
Spellcasting   | 1 |  1.2
Shapeshifting  | |  3.8

Action                     |  1- 3 |  4- 6 || total
---------------------------+-------+-------++-------
  Melee: Unarmed           |    57 |    85 ||   142
         Constrict         |    16 |    20 ||    36
         Tentacles         |     9 |    14 ||    23
         Punch             |       |     6 ||     6
  Throw: Boomerang         |       |     6 ||     6
   Stab: Sleeping          |     4 |     7 ||    11
 Armour: Skin              |     6 |     5 ||    11
  Dodge: Dodged            |    23 |    44 ||    67

Table legend: (Time is in decaauts)
 A = Elapsed time spent in this place.
 B = Non-inter-level travel time spent in this place.
 C = Inter-level travel time spent in this place.
 D = Time resting spent in this place.
 E = Time spent auto-exploring this place.
 F = Levels seen in this place.
 G = Mean time per level.
                   A        B        C        D        E       F      G
               +--------+--------+--------+--------+--------+-----+--------+
         Total |   2226 |   2192 |     34 |    110 |   1650 |   4 |  556.5 |
       Dungeon |   2226 |   2192 |     34 |    110 |   1650 |   4 |  556.5 |
               +--------+--------+--------+--------+--------+-----+--------+

Top non-repeatable levels by time:
     D:1: 818 daAuts
     D:2: 528 daAuts
     D:3: 513 daAuts
     D:4: 366 daAuts
